General information
- name: BNet
- type: Ladder team game (AT/RT)
- host: Battle.net
- saver: 8da872eija88277
map: MarketSquare
- players: 8
- length: 30:42
- speed: Fast
- version: 1.28 W3XP
- replay type: Public
» download(262 KB)
Players
team 1 (winner)

»
ilickthepuss (
purple | 66 APM | 1198 actions | 18:10)
5 Far Seer
2 Feral Spirit
3 Chain Lighting
4 Shadow Hunter
2 Healing Wave
2 Hex
1 Tauren Chieftain
1 Endurance Aura
» actions
| Assign group hotkey | 73 | |
| Basic commands | 87 | |
| Build / train | 53 | |
| Enter build submenu | 12 | |
| Enter hero's abilities submenu | 10 | |
| Give item / drop item | 1 | |
| Right click | 388 | |
| Select / deselect | 164 | |
| Select group hotkey | 336 | |
| Use ability | 74 | |
1198 total
» units
| Peon | 10 | |
| Grunt | 5 | |
| Tauren | 3 | |
| Troll Witch Doctor | 1 | |
19 total
» upgrades
| Armor | 2 | |
| Melee Weapons | 3 | |
| Berserker Strength | 1 | |
| Witch Doctor Training | 2 | |
| Pulverize | 1 | |
9 total
» buildings
| Altar of Storms | 1 | |
| Orc Burrow | 5 | |
| Barracks | 1 | |
| Voodoo Lounge | 1 | |
| Stronghold | 1 | |
| War Mill | 1 | |
| Spirit Lodge | 2 | |
| Fortress | 1 | |
| Tauren Totem | 1 | |
14 total
» build order
00:08 Altar of Storms
00:13 Orc Burrow
01:22 Barracks
01:27 Orc Burrow
01:48 Voodoo Lounge
02:41 Orc Burrow
03:40 Stronghold
03:43 War Mill
06:11 Spirit Lodge
06:38 Fortress
09:06 Tauren Totem
09:43 Orc Burrow
13:47 Spirit Lodge
14:37 Orc Burrow
» items
| Healing Salve | 2 | |
| Lesser Clarity Potion | 4 | |
| Scroll of Town Portal | 3 | |
| Orb of Lightning | 1 | |
10 total
BANGING-MY-SIST (
yellow | 64 APM | 1962 actions | 30:42)
6 Blademaster
3 Wind Walk
2 Critical Strike
1 Bladestorm
» actions
| Assign group hotkey | 49 | |
| Basic commands | 8 | |
| Build / train | 71 | |
| Enter build submenu | 39 | |
| Enter hero's abilities submenu | 6 | |
| Give item / drop item | 6 | |
| Remove unit from queue | 2 | |
| Right click | 807 | |
| Select / deselect | 292 | |
| Select group hotkey | 564 | |
| Use ability | 118 | |
1962 total
» units
» upgrades
| Ranged Weapons | 3 | |
| Reinforced Defenses | 1 | |
| Armor | 3 | |
7 total
» buildings
| Altar of Storms | 1 | |
| Orc Burrow | 7 | |
| Barracks | 1 | |
| Voodoo Lounge | 1 | |
| Stronghold | 1 | |
| War Mill | 2 | |
| Beastiary | 4 | |
| Great Hall | 3 | |
| Fortress | 1 | |
| Watch Tower | 28 | |
| Scout Tower | 17 | |
| Guard Tower | 4 | |
70 total
» build order
00:10 Altar of Storms
00:16 Orc Burrow
00:38 Barracks
01:22 Orc Burrow
01:58 Voodoo Lounge
02:53 Stronghold
04:06 War Mill
04:25 Orc Burrow
05:18 Beastiary
05:21 Beastiary
05:56 Great Hall
06:39 Fortress
06:46 Orc Burrow
07:38 Watch Tower
07:38 Watch Tower
09:55 Watch Tower
09:58 Watch Tower
10:31 Watch Tower
10:32 Watch Tower
10:39 Watch Tower
10:40 Watch Tower
10:49 Watch Tower
10:53 Watch Tower
12:23 Watch Tower
12:24 Watch Tower
12:30 Beastiary
12:34 Orc Burrow
12:35 Orc Burrow
13:10 Beastiary
14:06 Orc Burrow
14:32 Watch Tower
16:28 Watch Tower
16:28 Watch Tower
17:49 Watch Tower
17:49 Watch Tower
18:35 Watch Tower
18:36 Watch Tower
18:36 Watch Tower
18:37 Watch Tower
18:37 Watch Tower
18:37 Watch Tower
19:04 Scout Tower
19:04 Scout Tower
19:05 Scout Tower
19:05 Scout Tower
19:06 Scout Tower
19:06 Scout Tower
19:07 Scout Tower
19:07 Scout Tower
19:07 Scout Tower
19:08 Scout Tower
19:08 Scout Tower
19:56 Guard Tower
19:57 Guard Tower
19:57 Guard Tower
20:01 Scout Tower
20:01 Scout Tower
20:02 Scout Tower
20:02 Scout Tower
20:02 Scout Tower
20:03 Scout Tower
20:51 Watch Tower
21:00 Watch Tower
21:00 Watch Tower
21:00 Watch Tower
21:01 Watch Tower
21:07 War Mill
21:59 Guard Tower
23:09 Great Hall
23:43 Great Hall
» items
| Healing Salve | 2 | |
| Scroll of Town Portal | 3 | |
| Staff of Teleportation | 1 | |
| Tiny Great Hall | 1 | |
| Orb of Lightning | 1 | |
| Potion of Mana | 2 | |
10 total

»
Swarm (
pink | 81 APM | 1484 actions | 18:15)
3 Blademaster
1 Critical Strike
2 Wind Walk
3 Shadow Hunter
1 Hex
2 Healing Wave
» actions
| Assign group hotkey | 21 | |
| Basic commands | 134 | |
| Build / train | 57 | |
| ESC pressed | 2 | |
| Enter build submenu | 16 | |
| Enter hero's abilities submenu | 6 | |
| Remove unit from queue | 2 | |
| Right click | 647 | |
| Select / deselect | 193 | |
| Select group hotkey | 315 | |
| Use ability | 91 | |
1484 total
» units
| Peon | 8 | |
| Grunt | 4 | |
| Spirit Walker | 3 | |
| Raider | 6 | |
| Kodo Beast | 1 | |
| Troll Headhunter/Berserker | 9 | |
31 total
» upgrades
| Berserker Strength | 1 | |
| Spirit Walker Training | 2 | |
| Ensnare | 1 | |
| Berserker Upgrade | 1 | |
| Troll Regeneration | 1 | |
| War Drums Damage Increase | 1 | |
7 total
» buildings
| Altar of Storms | 1 | |
| Orc Burrow | 7 | |
| Barracks | 1 | |
| Stronghold | 1 | |
| Voodoo Lounge | 1 | |
| War Mill | 1 | |
| Beastiary | 1 | |
| Spirit Lodge | 1 | |
| Fortress | 1 | |
| Great Hall | 1 | |
16 total
» build order
00:09 Altar of Storms
00:18 Orc Burrow
00:47 Barracks
01:29 Orc Burrow
02:38 Stronghold
02:57 Voodoo Lounge
03:27 Orc Burrow
04:14 War Mill
05:06 Beastiary
05:16 Spirit Lodge
05:47 Orc Burrow
07:10 Orc Burrow
08:22 Fortress
10:21 Orc Burrow
10:22 Orc Burrow
17:23 Great Hall
» items
| Healing Salve | 3 | |
| Scroll of Town Portal | 2 | |
| Scroll of Speed | 1 | |
| Potion of Lesser Invulnerability | 1 | |
7 total

»
Tripod (
blue | 38 APM | 694 actions | 18:21)
3 Archmage
2 Summon Water Elemental
1 Brilliance Aura
1 Paladin
1 Holy Light
1 Mountain King
1 Storm Bolt
» actions
| Assign group hotkey | 16 | |
| Basic commands | 108 | |
| Build / train | 76 | |
| Enter build submenu | 18 | |
| Enter hero's abilities submenu | 5 | |
| Remove unit from queue | 6 | |
| Right click | 161 | |
| Select / deselect | 172 | |
| Select group hotkey | 98 | |
| Use ability | 34 | |
694 total
» units
| Peasant | 13 | |
| Footman | 9 | |
| Mortar Team | 3 | |
| Knight | 2 | |
| Siege Engine | 1 | |
28 total
» upgrades
| Masonry | 3 | |
| Plating | 3 | |
| Swords | 3 | |
| Lumber Harvesting | 2 | |
| Flare | 1 | |
| Gunpowder | 3 | |
| Animal War Training | 1 | |
| Fragmentation Shards | 1 | |
| Barrage | 1 | |
| Armor | 1 | |
19 total
» buildings
| Altar of Kings | 1 | |
| Farm | 9 | |
| Barracks | 1 | |
| Town Hall | 1 | |
| Lumber Mill | 1 | |
| Keep | 1 | |
| Blacksmith | 1 | |
| Workshop | 1 | |
| Castle | 1 | |
| Arcane Vault | 1 | |
18 total
» build order
00:11 Altar of Kings
00:16 Farm
00:52 Barracks
01:21 Farm
02:14 Farm
04:00 Town Hall
04:33 Lumber Mill
04:51 Keep
04:58 Blacksmith
06:52 Farm
06:56 Farm
08:01 Workshop
08:06 Castle
08:51 Arcane Vault
10:35 Farm
11:42 Farm
12:52 Farm
14:02 Farm
» items
| Orb of Fire | 3 | |
| Potion of Healing | 4 | |
| Scroll of Town Portal | 2 | |
| Orb of Lightning | 1 | |
| Scroll of Speed | 1 | |
| Lesser Clarity Potion | 2 | |
13 total
team 2 (loser)
n00b.com (
orange | 25 APM | 724 actions | 28:52)
3 Paladin
1 Holy Light
2 Devotion Aura
» actions
| Assign group hotkey | 6 | |
| Basic commands | 18 | |
| Build / train | 94 | |
| Enter build submenu | 33 | |
| Enter hero's abilities submenu | 3 | |
| Remove unit from queue | 7 | |
| Right click | 262 | |
| Select / deselect | 256 | |
| Select group hotkey | 6 | |
| Use ability | 39 | |
724 total
» units
» upgrades
» buildings
| Altar of Kings | 1 | |
| Blacksmith | 1 | |
| Farm | 13 | |
| Barracks | 2 | |
| Town Hall | 2 | |
| Lumber Mill | 1 | |
| Scout Tower | 9 | |
| Guard Tower | 6 | |
35 total
» build order
00:03 Altar of Kings
00:08 Blacksmith
00:41 Farm
01:17 Barracks
02:22 Farm
03:03 Farm
03:24 Town Hall
04:00 Farm
04:26 Barracks
04:41 Farm
05:24 Farm
06:54 Lumber Mill
07:34 Town Hall
07:48 Farm
08:56 Farm
10:08 Farm
11:29 Farm
12:14 Farm
13:54 Farm
14:45 Farm
21:47 Scout Tower
21:50 Scout Tower
21:52 Scout Tower
21:58 Scout Tower
23:02 Scout Tower
23:04 Scout Tower
23:23 Guard Tower
23:23 Guard Tower
23:36 Scout Tower
23:38 Guard Tower
23:55 Guard Tower
23:55 Guard Tower
24:00 Scout Tower
24:15 Scout Tower
24:20 Guard Tower
LiQuiD) (
green | 89 APM | 2674 actions | 30:09)
6 Mountain King
3 Storm Bolt
2 Bash
1 Avatar
2 Paladin
1 Holy Light
1 Divine Shield
1 Blood Mage
1 Banish
» actions
| Assign group hotkey | 29 | |
| Basic commands | 203 | |
| Build / train | 81 | |
| Enter build submenu | 28 | |
| Enter hero's abilities submenu | 9 | |
| Give item / drop item | 1 | |
| Right click | 894 | |
| Select / deselect | 246 | |
| Select group hotkey | 1091 | |
| Use ability | 92 | |
2674 total
» units
| Peasant | 16 | |
| Rifleman | 13 | |
| Assassin | 1 | |
| Mortar Team | 6 | |
36 total
» upgrades
| Gunpowder | 3 | |
| Armor | 3 | |
| Long Rifles | 1 | |
| Fragmentation Shards | 1 | |
| Flare | 1 | |
9 total
» buildings
| Blacksmith | 1 | |
| Farm | 13 | |
| Barracks | 1 | |
| Altar of Kings | 1 | |
| Lumber Mill | 1 | |
| Scout Tower | 3 | |
| Guard Tower | 2 | |
| Arcane Vault | 1 | |
| Town Hall | 1 | |
| Keep | 3 | |
| Workshop | 2 | |
| Castle | 1 | |
30 total
» build order
00:10 Blacksmith
00:11 Farm
00:27 Barracks
01:22 Altar of Kings
01:45 Farm
01:46 Farm
02:57 Farm
03:12 Lumber Mill
03:36 Farm
04:06 Scout Tower
04:26 Scout Tower
04:34 Farm
05:03 Guard Tower
05:10 Arcane Vault
05:28 Scout Tower
05:41 Farm
06:28 Guard Tower
06:36 Town Hall
08:03 Keep
08:04 Keep
08:04 Keep
10:39 Workshop
10:40 Workshop
11:43 Castle
13:02 Farm
13:03 Farm
16:53 Farm
16:54 Farm
16:55 Farm
16:56 Farm
» items
| Scroll of Regeneration | 3 | |
| Lesser Clarity Potion | 4 | |
| Potion of Healing | 1 | |
| Scroll of Town Portal | 2 | |
| Boots of Speed | 1 | |
| Potion of Lesser Invulnerability | 2 | |
| Scroll of Healing | 1 | |
| Scroll of Protection | 1 | |
15 total
8da872eija88277 (
teal | 102 APM | 3120 actions | 30:42)
6 Blademaster
3 Wind Walk
2 Critical Strike
1 Bladestorm
5 Shadow Hunter
3 Hex
2 Healing Wave
» actions
| Assign group hotkey | 96 | |
| Basic commands | 225 | |
| Build / train | 97 | |
| ESC pressed | 2 | |
| Enter build submenu | 41 | |
| Enter hero's abilities submenu | 11 | |
| Give item / drop item | 4 | |
| Right click | 1148 | |
| Select / deselect | 317 | |
| Select group hotkey | 1001 | |
| Use ability | 178 | |
3120 total
» units
» upgrades
| Berserker Strength | 1 | |
| Armor | 3 | |
| Pillage | 2 | |
| Reinforced Defenses | 1 | |
| Envenomed Spears | 1 | |
| Ranged Weapons | 3 | |
| Spiked Barricades | 1 | |
12 total
» buildings
| Orc Burrow | 7 | |
| Altar of Storms | 1 | |
| Barracks | 1 | |
| Voodoo Lounge | 1 | |
| Stronghold | 2 | |
| War Mill | 1 | |
| Great Hall | 2 | |
| Watch Tower | 18 | |
| Fortress | 3 | |
| Beastiary | 2 | |
38 total
» build order
00:05 Orc Burrow
00:46 Orc Burrow
00:49 Altar of Storms
01:22 Barracks
01:53 Voodoo Lounge
02:32 Orc Burrow
03:21 Stronghold
03:21 Stronghold
04:12 War Mill
05:05 Great Hall
05:50 Watch Tower
05:56 Watch Tower
07:35 Fortress
07:35 Fortress
07:36 Fortress
07:40 Watch Tower
08:39 Watch Tower
08:41 Watch Tower
08:53 Watch Tower
09:06 Watch Tower
09:25 Beastiary
09:28 Beastiary
10:58 Watch Tower
11:01 Watch Tower
11:27 Watch Tower
13:13 Orc Burrow
13:17 Orc Burrow
13:49 Watch Tower
18:42 Orc Burrow
18:45 Watch Tower
18:49 Watch Tower
19:49 Great Hall
21:56 Orc Burrow
24:04 Watch Tower
24:05 Watch Tower
24:05 Watch Tower
24:06 Watch Tower
24:06 Watch Tower
» items
| Healing Salve | 6 | |
| Lesser Clarity Potion | 6 | |
| Orb of Lightning | 3 | |
| Scroll of Town Portal | 3 | |
| Tiny Great Hall | 1 | |
| Staff of Teleportation | 2 | |
21 total

»
TOP-DOG (
red | 1 APM | 18 actions | 30:42)
Chat log
(00:17 / All) LiQuiD): glad im not the only one that fucks my sis
(00:17 / Allies) n00b.com: fuck
(00:34 / Allies) 8da872eija88277: green or oj expo there
(00:34 / Allies) LiQuiD): stay relax
(00:37 / Allies) 8da872eija88277: we got this
(00:42 / All) LiQuiD): pretty sureeee they have a abuse
(00:48 / Allies) LiQuiD): lets mass push
(00:55 / Allies) 8da872eija88277: cc and big push
(00:59 / Allies) 8da872eija88277: let's push right side
(01:01 / All) ilickthepuss: i have map hack
(01:04 / Allies) LiQuiD): k
(01:05 / All) LiQuiD): lol nice
(01:08 / All) ilickthepuss: his build ios bettter than yours
(01:11 / All) 8da872eija88277: and you are still gonna get raped
(01:55 / All) ilickthepuss: aont gonna teach you shit
(02:00 / Allies) LiQuiD): i would of expoed that oj?
(02:02 / All) ilickthepuss: but you still have to charge
(02:04 / Allies) n00b.com: ok
(02:05 / Allies) n00b.com: do it
(02:12 / All) LiQuiD): ill fuck you tell you love me faggot
(02:31 / All) ilickthepuss: thats so 90s
(03:42 / Allies) LiQuiD): ?
(03:43 / Allies) LiQuiD): the fuck
(03:49 / Allies) LiQuiD): guesss i wasnt clear?
(03:50 / Allies) n00b.com: o
(03:52 / Allies) n00b.com: you took a while
(03:54 / Allies) n00b.com: go ahead
(04:02 / Allies) LiQuiD): yea im focusing on mass eary
(04:05 / Allies) n00b.com: kk
(04:17 / Allies) LiQuiD): itll get expoed relax
(06:41 / Allies) n00b.com: 100 wood?
(07:18 / All) BANGING-MY-SIST: what dropped
(07:33 / All) 8da872eija88277: tome of power
(07:42 / All) BANGING-MY-SIST: who go tit
(07:45 / All) 8da872eija88277: me I think
(07:46 / All) ilickthepuss: amzing how you can do that and entire armies are there
(07:50 / All) 8da872eija88277: lol
(07:59 / All) ilickthepuss: wait for wc4
(08:03 / All) ilickthepuss: boiii
(08:11 / All) 8da872eija88277: you'll still get raped in that
(08:16 / All) 8da872eija88277: and make excuses for your bad play
(08:18 / All) ilickthepuss: nah
(08:21 / All) 8da872eija88277: wahhhh it's not me it's the game
(08:28 / All) ilickthepuss: 1v1 your bitch ass all doay
(08:31 / All) 8da872eija88277: lol
(08:46 / All) 8da872eija88277: hacker and you still get raped by 1 bm LOL
(08:58 / Allies) 8da872eija88277: wtf I said hit right side
(09:00 / All) ilickthepuss: that makes no sense now stfu pls
(09:03 / Allies) LiQuiD): stfu
(09:05 / Allies) LiQuiD): you arent even here
(09:16 / Allies) 8da872eija88277: I said hit right side retard
(09:47 / Allies) LiQuiD): no heal?
(09:56 / Allies) LiQuiD): b
(09:56 / Allies) LiQuiD): b
(09:57 / Allies) LiQuiD): bb
(09:57 / Allies) LiQuiD): b
(10:12 / Allies) LiQuiD): you done fucking off and want to play?
(10:17 / Allies) 8da872eija88277: if you hit where I want
(10:20 / Allies) 8da872eija88277: rather than be a little bitch
(10:23 / Allies) n00b.com: teal has nothing
(10:27 / Allies) n00b.com: fuck
(10:30 / Allies) 8da872eija88277: maybe I would if you assholes listened
(10:30 / Allies) LiQuiD): teal you fucking suck lmao
(10:37 / Allies) n00b.com: cmon teal
(10:40 / Allies) n00b.com: you have no units so far
(10:48 / Allies) 8da872eija88277: and yet I've stil ldone more than you with them
(10:54 / Allies) n00b.com: ....?
(10:58 / Allies) LiQuiD): no you havent lmao
(11:02 / Allies) LiQuiD): go play solo
(11:04 / Allies) 8da872eija88277: yeah I have
(11:06 / Allies) 8da872eija88277: what have you done, retard
(11:19 / Allies) 8da872eija88277: Oj don't even have a shop lol
(11:38 / Allies) LiQuiD): stop following oj and control you units
(11:47 / Allies) n00b.com: kkk
(11:56 / Allies) 8da872eija88277: more than you all game green
(11:57 / Allies) 8da872eija88277: lol
(12:03 / Allies) LiQuiD): youre horrible lmao
(12:08 / Allies) LiQuiD): 1v1 anyitme
(12:12 / Allies) 8da872eija88277: then what does that make you
(12:16 / Allies) 8da872eija88277: if I play better
(12:41 / Allies) 8da872eija88277: More hero kills, more unit kills than you, more resources
(12:43 / Allies) 8da872eija88277: More everything
(12:52 / Allies) LiQuiD): negative
(12:57 / Allies) 8da872eija88277: yep
(13:02 / All) BANGING-MY-SIST: orange wtf
(13:05 / Allies) 8da872eija88277: now hit right side with me cretins
(13:09 / Allies) LiQuiD): ?
(13:12 / Allies) LiQuiD): back off
(13:14 / Allies) LiQuiD): back off wtf.
(13:17 / All) ilickthepuss: lol\
(13:38 / Allies) 8da872eija88277: wrong base again idiot
(14:02 / Allies) LiQuiD): i dont map hack like you teal x)
(14:06 / Allies) 8da872eija88277: I don't either
(14:33 / Allies) 8da872eija88277: map awareness and seeing rallied units = mhing LOL
(14:41 / All) BANGING-MY-SIST: fucking dagger
(14:43 / Allies) 8da872eija88277: but they have real mher who admits to it
(14:49 / Allies) 8da872eija88277: and you hit other bases instead
(16:04 / All) ilickthepuss: ylws a joke
(16:11 / All) LiQuiD): So i OJ
(16:21 / All) ilickthepuss: oj better thatn himm tho
(16:22 / All) ilickthepuss: lol
(16:50 / Allies) LiQuiD): where is your hero?
(17:31 / Allies) n00b.com: now we finish purp
(18:06 / All) ilickthepuss: ylw now tking
(18:09 / All) ilickthepuss: see what i mean
(18:17 / All) 8da872eija88277: gay
(18:20 / All) BANGING-MY-SIST: i didnt evne tk lawl
(18:20 / All) n00b.com: LOL 3v4
(18:22 / All) n00b.com: YESSSS
(18:22 / All) 8da872eija88277: hero stuck bug from you noobs leaving
(18:25 / All) LiQuiD): Clan LiQr
(18:42 / All) LiQuiD): top score teal x)
(18:47 / All) 8da872eija88277: I will be
(18:52 / Allies) LiQuiD): we shall see
(18:57 / Allies) n00b.com: no me
(19:23 / Allies) n00b.com: gold
(19:26 / Allies) 8da872eija88277: lumber
(19:36 / Allies) n00b.com: tp
(20:36 / Allies) n00b.com: you just let me die
(20:43 / Allies) 8da872eija88277: you weren't really worth having anyway
(20:50 / Allies) LiQuiD): lmao
(22:32 / Allies) LiQuiD): we need dragon riders
(22:38 / Allies) 8da872eija88277: lol
(22:51 / Allies) LiQuiD): ?
(22:58 / Allies) LiQuiD): lol x)
(22:59 / Allies) 8da872eija88277: I can win this without you
(23:03 / Allies) 8da872eija88277: I'm killing your base and whole army
(23:05 / Allies) 8da872eija88277: then doing it solo
(23:16 / Allies) LiQuiD): thatd be retarded but ok
(23:23 / Allies) 8da872eija88277: I don't need you
(23:27 / Allies) 8da872eija88277: because you're overly confident trash
(23:34 / Allies) LiQuiD): nahh
(23:37 / All) LiQuiD): youre just a prick :)
(23:48 / All) BANGING-MY-SIST: me?
(23:54 / All) 8da872eija88277: Green has been a bitch all game
(23:55 / All) LiQuiD): Nah teal
(23:59 / All) 8da872eija88277: and now he's acting like I'm the prick
(24:01 / All) LiQuiD): he runs his mouth
(24:22 / Allies) n00b.com: leave teal alone
(24:23 / Allies) n00b.com: hes fine
(24:38 / All) LiQuiD): teal is killing all of us because he hates his life
(24:42 / Allies) 8da872eija88277: listen to your own advice oj
(24:43 / All) LiQuiD): openly admitted it
(24:46 / Allies) n00b.com: teal has no friends
(24:46 / Allies) 8da872eija88277: and don't even try to touch my stuff
(24:48 / All) BANGING-MY-SIST: give me credit guys, i just did a 1v4
(24:49 / All) n00b.com: TEAL HAS NO FRIENDS
(24:52 / All) 8da872eija88277: don't I?
(24:58 / All) n00b.com: TEAL PLAYS THIS OLD ASS GAME AND JERKS OFF TO COMICS
(25:06 / All) BANGING-MY-SIST: i beat ojs base and reds and greens by myself
(25:07 / All) 8da872eija88277: lol
(25:09 / All) LiQuiD): im sure you and teal are in it together
(25:40 / All) n00b.com: well played yellow
(25:42 / All) n00b.com: you win lol
(25:45 / All) BANGING-MY-SIST: i earned it
(25:50 / All) BANGING-MY-SIST: 1v4
(25:50 / All) n00b.com: yup
(26:33 / Allies) 8da872eija88277: lol
(26:34 / Allies) 8da872eija88277: pathetic
(26:35 / Allies) 8da872eija88277: out
(26:37 / All) LiQuiD): Runnnnnnnn
(26:39 / All) BANGING-MY-SIST: green where ur rifles at
(26:42 / All) n00b.com: teal
(26:44 / All) LiQuiD): lol nah not really bruh
(26:49 / All) n00b.com: teal your maphack is strong
(26:50 / All) LiQuiD): i know you two are playing together lmao
(26:53 / All) 8da872eija88277: Green can't kill wyverns with mass rifles LOL
(27:01 / All) LiQuiD): i had less rifels then his wwvyn
(27:02 / All) LiQuiD): lmao
(27:06 / All) 8da872eija88277: nah
(27:09 / All) LiQuiD): sure did
(27:11 / All) 8da872eija88277: You just don't even know what shift+queue is
(27:12 / All) LiQuiD): you both are faggots
(27:14 / All) n00b.com: lets just watch teal die
(27:15 / All) 8da872eija88277: and have shit micro
(27:20 / All) BANGING-MY-SIST: give me credit i won this 1v4
(27:28 / All) n00b.com: i want to watch teal die
(27:29 / All) n00b.com: lol
(27:36 / All) 8da872eija88277: Too bad other team isn't here, then you might get to have been in a Mexican standof
(27:51 / All) LiQuiD): nah im not staying
(27:56 / All) 8da872eija88277: out then
(27:57 / All) LiQuiD): not worth my time
(28:11 / All) 8da872eija88277: 1-1 now
(28:14 / All) 8da872eija88277: time to make a new acc
(28:17 / All) LiQuiD): lol
(28:18 / All) 8da872eija88277: better luck next time
(28:23 / All) LiQuiD): i dont give a shit about rec
(28:26 / All) BANGING-MY-SIST: i get no credit. i won this 1v4 and nobody is applauding me
(28:28 / All) LiQuiD): im actually 7-0 bud
(28:31 / All) 8da872eija88277: 7-0 LOL
(28:33 / All) 8da872eija88277: I can get that afking
(28:40 / All) 8da872eija88277: that means nothing with under 10 games idiot
(28:46 / All) LiQuiD): when you team up in 4's and team kill whole team
(28:50 / All) LiQuiD): doesnt take awhole lot
(28:53 / All) LiQuiD): cum like both you
(29:07 / All) 8da872eija88277: Green things 7-0 is good lol
(29:10 / All) 8da872eija88277: thinks
(29:15 / All) LiQuiD): im not i was just correcting you ;)
(29:21 / All) LiQuiD): get your facts correct
(29:22 / All) BANGING-MY-SIST: uh, teal was ur best player by far
(29:31 / All) LiQuiD): nope;
(29:34 / All) 8da872eija88277: out green
(29:40 / All) 8da872eija88277: alt+qq for shortcut
(29:46 / All) LiQuiD): its pretty easy to realize you both are playing together Lmao
(29:50 / All) LiQuiD): im saving this shit its too good
(29:51 / All) BANGING-MY-SIST: teal actually got an expo and did something
(29:58 / All) 8da872eija88277: yet you couldn't manage to stop us
(30:01 / All) 8da872eija88277: because you're nothing
(30:08 / All) LiQuiD): i dont care to lo
(30:11 / All) 8da872eija88277: lol
(30:19 / All) 8da872eija88277: yeah he just "didn't care to" lol!
(30:35 / All) BANGING-MY-SIST: this was a fun game easy
(30:41 / All) 8da872eija88277: Green lose